 Dungeon Crawl Stone Soup version 0.21-a0-1-gaf3b9a5 (webtiles) character file.

116 Gorglomux the Grave Robber (level 4, -7/42 HPs)
             Began as a Deep Dwarf Necromancer on May 20, 2017.
             Mangled by Sigmund
             ... wielding a +0 scythe
              (10 damage)
             ... on level 4 of the Dungeon.
             The game lasted 00:05:22 (2312 turns).

Gorglomux the Grave Robber (Deep Dwarf Necromancer) Turns: 2312, Time: 00:05:22

Health: -7/42      AC:  3    Str: 17    XL:     4   Next: 70%
Magic:  4/6        EV: 18    Int: 16    God:
Gold:   128        SH:  0    Dex: 18    Spells: 2/6 levels left

rFire    . . .     SeeInvis .   m - +0 mace
rCold    . . .     Gourm    +   (no shield)
rNeg     . . .     Faith    .   a - +0 robe
rPois    .         Spirit   .   (no helmet)
rElec    .         Reflect  .   (no cloak)
rCorr    .         Harm     .   (no gloves)
MR       .....                  q - +0 pair of boots
Stlth    ++........             s - amulet of the gourmand {Gourm, !d}
Regen    0.0/turn               (no ring)
MPRegen  0.1/turn               (no ring)

@: confused, mighty, agile, non-regenerating
A: damage resistance, heal wounds, sense surroundings 1, no regeneration
a: Heal Wounds


You were on level 4 of the Dungeon.
You were not hungry.

You visited 1 branch of the dungeon, and saw 3 of its levels.

You collected 128 gold pieces.

Inventory:

Hand Weapons
 g - a +0 club
   (You took it off a hobgoblin on level 1 of the Dungeon)
 i - a +0 short sword
   (You found it on level 1 of the Dungeon)
 m - a +0 mace (weapon)
   (You found it on level 1 of the Dungeon)
Armour
 a - a +0 robe (worn)
 q - a +0 pair of boots (worn)
   (You found it on level 2 of the Dungeon)
Magical Staves
 w - an uncursed staff of wizardry {wiz+, !a}
   (You found it on level 4 of the Dungeon)
Jewellery
 s - an amulet of the gourmand (around neck) {Gourm, !d}
   (You found it on level 2 of the Dungeon)
 v - a cursed ring of stealth {unknown}
   (You found it on level 4 of the Dungeon)
Wands
 u - a wand of flame (31/48)
   (You took it off Ijyb on level 4 of the Dungeon)
Scrolls
 d - 2 scrolls of remove curse {unknown}
 e - a scroll of identify
 f - 2 scrolls of magic mapping {unknown}
 j - a scroll of blinking {unknown}
 k - a scroll of teleportation {unknown}
 n - a scroll of recharging {unknown}
Potions
 h - a potion of haste
 o - a potion of might
 p - a potion of agility
 r - a potion of degeneration {!q}
Books
 b - a book of Necromancy
Comestibles
 c - 3 bread rations {@e1}
 l - a royal jelly
 t - a meat ration {@e2}


   Skills:
 + Level 3.5 Fighting
 - Level 2.1 Dodging
 - Level 2.4 Stealth
 - Level 1.7 Spellcasting
 - Level 5.0 Necromancy


You had 2 spell levels left.
You knew the following spells:

 Your Spells              Type           Power        Failure   Level  Hunger
a - Pain                  Necr           ###.         2%          1    ##.....
x - Vampiric Draining     Necr           ###.......   9%          3    ####...


Dungeon Overview and Level Annotations

Branches:
Dungeon (4/15)
 Temple: D:4-7

Altars:

Annotations:
D:4 Edmund, Sigmund


Innate Abilities, Weirdness & Mutations

You are resistant to damage.
You can heal yourself by infusing magical energy.
You passively map a small area around you.
You do not regenerate.


Message History

Ijyb zaps a wand.
The puff of flame misses you.
Aim: Ijyb, wearing a chain mail and carrying a wand of flame (?/48) {zapped: 4} (almost dead, chance to defeat MR: 82%) Ijyb writhes in agony!
You kill Ijyb!
Unknown command.
u - a wand of flame (?/48) {zapped: 4} You see here a chain mail.
There isn't anything to butcher here.
You start resting.
You see here a chain mail.
v - a glass ring
w - a curved smoking staff A dart slug comes into view.
Wield which item (- for none, * to show all)? (? for menu, Esc to quit)
w - an uncursed staff of wizardry (weapon)
Wield which item (- for none, * to show all)? (? for menu, Esc to quit)
Okay, then.
Okay, then.
Wield which item (- for none, * to show all)? (? for menu, Esc to quit)
You don't have any such object.
Wield which item (- for none, * to show all)? (? for menu, Esc to quit)
m - a +0 mace (weapon)
You hit the dart slug.
You are near starving!
The dart slug bites you.
Aim: a dart slug (moderately wounded, clinging)
You kill the dart slug!
You feel life coursing into your body.
You start resting.
An orc comes into view.
An orc is nearby!
An orc is nearby!
The orc shouts!
Aim: an orc, wearing a leather armour (chance to defeat MR: 87%)
The orc barely resists.
Aim: an orc, wearing a leather armour (chance to defeat MR: 87%)
The orc writhes in agony!
Aim: an orc, wearing a leather armour (chance to defeat MR: 87%)
The orc writhes in agony!
Aim: an orc, wearing a leather armour (heavily wounded)
You kill the orc!
You feel life coursing into your body.
You start resting.
You are starving!
You eat one of the 2 royal jellies.
That royal jelly was delicious!
Sigmund the Dreaded comes into view.
He is wielding a scythe.
You feel very mighty all of a sudden.
You feel agile all of a sudden.
Aim: Sigmund, wielding a scythe and wearing a robe (chance to defeat MR: 82%) Sigmund barely resists.
Aim: Sigmund, wielding a scythe and wearing a robe (chance to defeat MR: 82%) Sigmund writhes in agony!
Sigmund breathes a few words.
Sigmund's hands start flickering wildly.
Aim: Sigmund, wielding a scythe and wearing a robe (lightly wounded, chance to defeat MR: 82%) Sigmund writhes in agony!
Sigmund casts a spell at you.
You are confused.
Okay, then.
Sigmund mumbles some strange words.
Sigmund flickers and vanishes!
Deactivating autopickup; reactivate with Ctrl-A.
You bump into the rock wall.
You hear some strange, mumbled words.
Something tries to affect you, but you resist.
Something hits you!
You bump into the rock wall.
You bump into the rock wall.
Something hits you!
You feel less confused.
You hear some strange, mumbled words.
A magic dart appears from out of thin air!
The magic dart hits you!
* * * LOW HITPOINT WARNING * * *
Found a stone staircase leading up.
Unknown command.
You hit something. Something closely misses you.
Unknown command.
You closely miss something. Something hits you.
* * * LOW HITPOINT WARNING * * *
Unknown command.
You sock something!
You hear some strange, mumbled words.
You are confused.
You're too confused!
Something barely misses you.
Unknown command.
You bump into the rock wall.
Unknown command.
You bump into the rock wall.
You hear some strange, mumbled words.
A puff of flame appears from out of thin air!
The puff of flame hits you!
* * * LOW HITPOINT WARNING * * *
Unknown command.
You're too confused to move!
You hear some strange, mumbled words.
You are more confused.
Something hits you!
You die...

###..# *
#....# *##,
##....###.
* #........
* #......,
* , #<....#
* #..# #..#
, #@## #.#
*, , #.# ,
, ####.#
#....###
#......###
,
#........#
#.......##
*
#....##..##


There were no monsters in sight!

Vanquished Creatures
  Ijyb (D:4)
  5 adders (D:2)
  3 dart slugs
  An orc (D:4)
  7 bats
  2 giant cockroaches (D:1)
  4 goblins
  3 hobgoblins (D:1)
  4 jackals
  A frilled lizard (D:2)
  4 kobolds
  2 rats
37 creatures vanquished.

Notes
Turn   | Place    | Note
-------+----------+-------------------------------------------
     0 | D:1      | Gorglomux the Deep Dwarf Necromancer began the quest for the Orb.
     0 | D:1      | Reached XP level 1. HP: 15/15 MP: 3/3
   143 | D:1      | Reached XP level 2. HP: 24/24 MP: 1/4
   209 | D:1      | Reached skill level 1 in Fighting
   879 | D:1      | Reached skill level 5 in Necromancy
   954 | D:2      | Reached XP level 3. HP: 32/32 MP: 0/5
  1022 | D:2      | Reached skill level 2 in Fighting
  1038 | D:1      | Learned a level 3 spell: Vampiric Draining
  1309 | D:2      | Reached XP level 4. HP: 33/40 MP: 2/6
  1695 | D:2      | You fall through a shaft for 2 floors!
  1811 | D:4      | Noticed Edmund
  2003 | D:4      | Reached skill level 3 in Fighting
  2087 | D:4      | Noticed Ijyb
  2107 | D:4      | Killed Ijyb
  2293 | D:4      | Noticed Sigmund
  2304 | D:4      | HP: 10/42 [something/magic dart (5)]
  2310 | D:4      | HP: 3/42 [something/puff of flame (5)]
  2312 | D:4      | Mangled by Sigmund

Vault maps used:
D:1:      lightli_arrival_noodles
D:4:      guppyfry_shop_venom, uniq_natasha, uniq_ijyb, uniq_sigmund,
          uniq_edmund

Skill      XL: |  1  2  3  4 |
---------------+-------------+-----
Fighting       | 1 2 3 |  3.5
Necromancy     | 5 |  5.0
Dodging        | |  2.1
Stealth        | |  2.4
Spellcasting   | |  1.7

Action                   |  1- 3 |  4- 6 || total
-------------------------+-------+-------++-------
Melee: Unarmed           |     1 |       ||     1
       Mace              |    16 |    26 ||    42
 Cast: Pain              |    50 |    14 ||    64
       Vampiric Draining |     4 |    11 ||    15
  Use: Scroll            |       |     4 ||     4
       Potion            |       |     2 ||     2
  Eat: Chunk             |     3 |     3 ||     6
       Royal jelly       |       |     1 ||     1
Armor: Robe              |     6 |     7 ||    13
Dodge: Dodged            |    35 |    25 ||    60

Vault maps used:
D:1:      lightli_arrival_noodles
D:4:      guppyfry_shop_venom, uniq_natasha, uniq_ijyb, uniq_sigmund,
          uniq_edmund

Table legend:
 A = Turns spent in this place as a percentage of turns spent in the entire game.
 B = Non-inter-level travel turns spent in this place as a percentage of non-inter-level travel turns spent in the entire game.
 C = Inter-level travel turns spent in this place as a percentage of turns spent in this place.
 D = Turns resting spent in this place as a percentage of non-inter-level travel turns spent in this place.
 E = Turns spent auto-exploring this place as a percentage of non-inter-level travel turns spent in this place.
 F = Non-inter-level travel turns spent in this place divided by the number of levels of this place that you've seen.
                   A       B       C       D       E      F
               +-------+-------+-------+-------+-------+----------------------
         Total | 100.0 | 100.0 |   0.2 |  12.7 |  10.2 | 170.3
       Dungeon | 100.0 | 100.0 |   0.2 |  12.7 |  10.2 | 170.3
               +-------+-------+-------+-------+-------+----------------------

Table legend:
 A = Kills in this place as a percentage of kills in entire the game.
 B = Kills by you in this place as a percentage of kills by you in the entire game.
 C = Kills by friends in this place as a percentage of kills by friends in the entire game.
 D = Other kills in this place as a percentage of other kills in the entire game.
 E = Experience gained in this place as a percentage of experience gained in the entire game.
 F = Experience gained in this place divided by the number of levels of this place that you have seen.
                   A       B       C       D       E      F
               +-------+-------+-------+-------+-------+----------------------
         Total | 100.0 | 100.0 |  -nan |  -nan | 100.0 |  55.7
       Dungeon | 100.0 | 100.0 |  -nan |  -nan | 100.0 |  55.7
               +-------+-------+-------+-------+-------+----------------------
